 Dungeon Crawl Stone Soup version 0.28.0-53-g5a82cb258f (webtiles) character file.

Game seed: 7585734150661190360

52 DildoBatman the Conjurer (level 4, -2/32 HPs)
             Began as a Formicid Conjurer on July 15, 2022.
             Killed from afar by a dart slug (5 damage)
             ... with a slug dart
             ... on level 2 of the Dungeon.
             The game lasted 00:02:34 (1005 turns).

DildoBatman the Conjurer (Formicid Conjurer)        Turns: 1005, Time: 00:02:34

Health: -2/32      AC:  3    Str: 12    XL:     4   Next: 8%
Magic:  8/8        EV: 16    Int: 17    God:
Gold:   50         SH:  0    Dex: 11    Spells: 5/8 levels left

rFire   . . .      SeeInvis +   a - +1 flail (protect)
rCold   . . .      Faith    .   (no shield)
rNeg    . . .      Spirit   .   l - +0 robe
rPois   .          Reflect  .   (helmet unavailable)
rElec   .          Harm     .   d - +0 cloak
rCorr   .          Rampage  .   (no gloves)
Will    .....                   (no boots)
Stlth   ++........              (no amulet)
HPRegen 0.10/turn               k - +4 ring of evasion
MPRegen 0.11/turn               (no ring)

@: no status effects
A: permanent stasis, dig shafts and tunnels, antennae 3, four strong arms
a: Dig, Shaft Self


You were on level 2 of the Dungeon.
You visited 1 branch of the dungeon, and saw 2 of its levels.

You collected 50 gold pieces.

Inventory:

Hand Weapons
 a - a +1 flail of protection (weapon)
 f - a +0 spear
Missiles
 h - 20 bolts
 m - 24 arrows
 n - 21 sling bullets
Armour
 d - a +0 cloak (worn)
 l - a +0 robe (worn)
Jewellery
 k - a +4 ring of evasion (left hand)
Scrolls
 b - a scroll of identify {unknown}
 c - a scroll of noise {unknown}
 i - a scroll of fog {unknown}
Potions
 e - a potion of berserk rage {unknown}
 g - a potion of curing {unknown}
 j - a potion of haste {unknown}


   Skills:
 * Level 1.5 Fighting
 * Level 1.4 Armour
 - Level 2.0 Dodging
 - Level 2.4 Stealth
 * Level 2.7 Spellcasting
 * Level 3.9 Conjurations


You had 5 spell levels left.
You knew the following spells:

 Your Spells              Type           Power      Damage    Failure   Level
a - Searing Ray           Conj           30%        2d5       5%          2
c - Magic Dart            Conj           60%        1d6       3%          1

Your spell library contained the following spells:

 Spells                   Type           Power      Damage    Failure   Level
 Dazzling Flash           Conj/Hex       18%        N/A       24%         3
 Gell's Gravitas          Tloc           2%         N/A       47%         3
 Lesser Beckoning         Tloc           2%         N/A       47%         3
 Teleport Other           Tloc           2%         N/A       47%         3
 Fulminant Prism          Conj/Hex       4%         3d6       63%         4
 Iskenderun's Mystic Bla  Conj/Tloc      9%         2d4       63%         4


Dungeon Overview and Level Annotations

Branches:
Dungeon (2/15)

Altars:


Innate Abilities, Weirdness & Mutations

You cannot be hasted, slowed, berserked, paralysed or teleported.
You can dig through walls and to a lower floor.
You have a pair of large antennae on your head. (SInv)
Your four strong arms can wield two-handed weapons with a shield.


Message History

You shout for attention!
The dart slug misses you. What are your orders? t - Shout!
Orders for allies: a - Attack new target. r - Retreat! s - Stop attacking. g - Guard the area. f - Follow me.
Anything else - Cancel.
You shout for attention!
The dart slug launches a dart at you. The slug dart hits you.
What are your orders? t - Shout!
Orders for allies: a - Attack new target. r - Retreat! s - Stop attacking. g - Guard the area. f - Follow me.
Anything else - Cancel.
You shout for attention!
The dart slug bites you. The dart slug closely misses you.
What are your orders? t - Shout!
Orders for allies: a - Attack new target. r - Retreat! s - Stop attacking. g - Guard the area. f - Follow me.
Anything else - Cancel.
You shout for attention!
The dart slug closely misses you. What are your orders? t - Shout!
Orders for allies: a - Attack new target. r - Retreat! s - Stop attacking. g - Guard the area. f - Follow me.
Anything else - Cancel.
You shout for attention!
The dart slug launches a dart at you. The slug dart misses you.
The dart slug launches a dart at you. The slug dart hits you.
You die...

####........# #.
#............ #.##
#.###..###... ##...
.. #........ ...# #
##.###..# #..# #.#
. # #..# #.#
#.w#########.#
#w@.......##.#
........######.##†#
#######.. #.##.#
###. #.##.# #
##.####.##.###.##
.................
...............##
.#.############# #


You could see 2 dart slugs.

Vanquished Creatures
  An adder (D:2)
  A dart slug (D:1)
  3 endoplasms (D:1)
  A giant cockroach (D:1)
  5 hobgoblins (D:1)
  6 jackals
  2 quokkas
  5 ball pythons
  5 bats
  A frilled lizard (D:1)
  3 goblins (D:1)
  5 rats
38 creatures vanquished.

Notes
Turn   | Place    | Note
-------+----------+-------------------------------------------
     0 | D:1      | DildoBatman the Formicid Conjurer began the quest for the
                  | Orb.
     0 | D:1      | Reached XP level 1. HP: 13/13 MP: 3/3
   166 | D:1      | Reached XP level 2. HP: 16/20 MP: 0/5
   169 | D:1      | Learned a level 2 spell: Searing Ray
   272 | D:1      | Reached skill level 1 in Armour
   293 | D:1      | Reached skill level 1 in Fighting
   293 | D:1      | Reached XP level 3. HP: 17/26 MP: 3/6
   966 | D:2      | Reached XP level 4. HP: 32/32 MP: 5/8
  1005 | D:2      | Killed from afar by a dart slug

Illustrated notes

Levels and vault maps discovered:
D:1:      dpeg_arrival_long_road, layout_basic
D:2:      layout_loops_ring, shapermc_ecumenical_altar_hornbeckon, basic_altar,
          uniq_terence

Skill      XL: |  1  2 |
---------------+-------+-----
Dodging        | 2 |  2.0
Armour         | 1 |  1.4
Fighting       | 1 |  1.5
Stealth        | |  2.4
Spellcasting   | |  2.7
Conjurations   | |  3.9

Action                   |  1- 3 |  4- 6 || total
-------------------------+-------+-------++-------
Melee: Unarmed           |     3 |       ||     3
       Spear             |    53 |       ||    53
       Flail             |     5 |       ||     5
 Cast: Magic Dart        |    16 |       ||    16
       Searing Ray       |     8 |       ||     8
 Stab: Sleeping          |     4 |       ||     4
Armor: Robe              |    26 |       ||    26
Dodge: Dodged            |    53 |    21 ||    74
